Map: Deathaura LE

Players

MaxPax - Winner!

  • Race: Protoss Protoss
  • League: Grandmaster
  • Spawn Location: 11:00

ShoWTimE

  • Race: Protoss Protoss
  • League: Master
  • Spawn Location: 5:00

Event: DreamHack SC2 Masters 2020 Winter

VOD

Have the link to the VOD?

Description

Time

  • Played on: Oct. 27, 2020, 2:22 p.m.
  • Length: 2:39

All games in this series

Show
View Real Time Build Order
Export as new Build Order

MaxPax Protoss - Winner!

Build Orders: Cannon Rush 

Get SALT Encoding   

  12  0:00  Probe  
  13  0:12  Probe  
  14  0:16  Pylon  
  14  0:24  Probe  
  15  0:35  Forge  
  15  0:52  Pylon  
  15  0:53  Probe  
  16  1:03  Pylon  
  16  1:05  Pylon  
  16  1:13  Photon Cannon  
  16  1:14  Pylon  
  16  1:21  Photon Cannon  
  17  1:41  Photon Cannon  
  16  1:49  Gateway  
  15  1:57  Photon Cannon  
  15  1:59  Photon Cannon  
  15  2:03  Photon Cannon  
  15  2:14  Photon Cannon  
  15  2:27  Photon Cannon  
Show
View Real Time Build Order
Export as new Build Order

ShoWTimE Protoss 

Build Orders:  

Get SALT Encoding   

  12  0:00  Probe  
  13  0:12  Probe  
  14  0:17  Pylon  
  14  0:24  Probe (Chrono Boost)  
  15  0:36  Gateway, Probe (Chrono Boost)  
  16  0:44  Probe (Chrono Boost)  
  16  0:45  Assimilator  
  17  0:50  Probe  
  17  0:54  Assimilator  
  18  1:03  Probe  
  19  1:05  Forge  
  19  1:12  Pylon  
  19  1:26  Pylon  
  19  1:42  Cybernetics Core  
  17  1:57  Photon Cannon  
  17  2:02  Photon Cannon  
  17  2:13  Photon Cannon  
Tags
 
Add a new tag
Caveats
  • Supply blocks, unpowered buildings, or Contaminate may cause inaccurate times.
  • Supply counts are checked every 10 seconds.